 Dungeon Crawl Stone Soup version 0.32-a0-834-geaf45d8 (webtiles) character file.

Game seed: 733375532580354555

24268524 Tanach the Rich (level 27, 286/286 HPs)
             Began as a Human Monk on Mar 25, 2024.
             Was an Initiate of Gozag.
             Escaped with the Orb
             ... and 15 runes
             ... and 3 gems!
             The game lasted 02:31:33 (62605 turns).

Tanach the Rich (Human Monk)                       Turns: 62605, Time: 02:31:33

Health: 286/286    AC: 37    Str: 15    XL:     27
Magic:  48/48      EV: 44    Int: 14    God:    Gozag
Gold:   4974       SH: 22    Dex: 34    Spells: 59/68 levels left

rFire   + + +        j - +11 Singing Sword {sonic wave}
rCold   + + +        K - +2 shield of Resistance {rF++ rC++ Will++}
rNeg    + + +        W - melded +3 troll leather armour
rPois   ∞            N - +2 helmet {SInv}
rElec   +            E - +2 cloak {rCorr}
rCorr   +            A - melded +2 pair of gloves {Str+3}
SInv    +            M - melded +2 pair of boots {Fly}
Will    +++++        J - amulet "Xoteer" {Acrobat *Corrode rF+ Regen+ Str+3}
Stlth   ++           Y - ring of Beogh's Respect {rC+ rN+++ Int-5 Dex+4}
HPRegen 2.27/turn    s - ring "Illemn" {rF+ rC+ Int+2 Dex+5}
MPRegen 0.31/turn

%: corrode self (3%), acrobat
@: statue-form, studying 4 skills, very slow
A: slow and powerful, torment resistance 1, boosted hp, explore regen, clever 1,
frail 1, strong-willed 1, mutation resistance 1, regeneration 1, subdued magic
1, inability to drink after injury 1
0: Orb of Zot
}: 15/15 runes: barnacled, slimy, silver, golden, iron, obsidian, icy, bone,
abyssal, demonic, glowing, magical, fiery, dark, gossamer
a: Begin Untransformation, Renounce Religion, Potion Petition, Call Merchant,
Bribe Branch


You escaped.
You worshipped Gozag.
Gozag was most pleased with you.
You were a living statue of rough stone.
You visited 17 branches of the dungeon, and saw 87 of its levels.
You visited Pandemonium 1 time, and saw 16 of its levels.
You visited the Abyss 4 times.
You also visited: Trove, Ossuary, Bailey, Gauntlet, Ice Cave and Wizlab.

You collected 39562 gold pieces.
You spent 13461 gold pieces at shops.
You paid 21127 gold pieces to Gozag.

Inventory:

Hand Weapons
 j - the +11 Singing Sword (weapon) {sonic wave}
   (You bought it in a shop on level 2 of the Orcish Mines)
Missiles
 d - 2 curare-tipped darts {!f}
Armour
 e - the orb of Spite {guile, Slay+2 Air}
   (You found it in a treasure trove)

   Slay+2:    It affects your accuracy & damage with ranged weapons and melee
   (+2).
   Air:       It increases the power of your Air spells.
 y - a +0 kite shield of positive energy
 A - a +2 pair of gloves of strength (melded)
 E - a +2 cloak of preservation (worn)
 K - the +2 shield of Resistance (worn) {rF++ rC++ Will++}
   (You bought it in a shop on level 2 of the Orcish Mines)

   rF++:      It greatly protects you from fire.
   rC++:      It greatly protects you from cold.
   Will++:    It greatly increases your willpower.
 M - a +2 pair of boots of flying (melded)
 N - a +2 helmet of see invisible (worn)
 W - a +3 troll leather armour (melded)
Jewellery
 p - the ring of the Quahog {AC+4 Dex+5}
   (You took it off a deep elf high priest on level 3 of the Elven Halls)

   [ring of protection]

   AC+4:      It affects your AC (+4).
   Dex+5:     It affects your dexterity (+5).
 s - the ring "Illemn" (right fist) {rF+ rC+ Int+2 Dex+5}
   (You found it on level 3 of the Dungeon)

   [ring of protection from fire]

   Int+2:     It affects your intelligence (+2).
   Dex+5:     It affects your dexterity (+5).
   rF+:       It protects you from fire.
   rC+:       It protects you from cold.
 J - the amulet "Xoteer" (around neck) {Acrobat *Corrode rF+ Regen+ Str+3}
   (You found it in a bailey)

   [amulet of the acrobat]

   Acrobat:   It increases your evasion while moving and waiting.
   Str+3:     It affects your strength (+3).
   rF+:       It protects you from fire.
   Regen+:    It increases your rate of health regeneration.
   *Corrode:  It may corrode you when you take damage.
 Y - the ring of Beogh's Respect (left fist) {rC+ rN+++ Int-5 Dex+4}
   (You bought it in a shop on level 12 of the Dungeon)

   [ring of protection from cold]

   Int-5:     It affects your intelligence (-5).
   Dex+4:     It affects your dexterity (+4).
   rC+:       It protects you from cold.
   rN+++:     It renders you almost immune to negative energy.
Talismans
 u - a granite talisman (active)
Wands
 i - a wand of acid (17)
 P - a wand of warping (80)
 Q - a wand of digging (21)
Scrolls
 a - 11 scrolls of immolation
 k - 4 scrolls of torment
 l - 10 scrolls of enchant armour
 o - 6 scrolls of silence
 r - 15 scrolls of vulnerability
 w - 8 scrolls of amnesia
 D - 25 scrolls of teleportation
 H - a scroll of brand weapon
 O - 15 scrolls of fear
 R - 8 scrolls of blinking
 S - 5 scrolls of summoning
 V - 6 scrolls of fog
Potions
 b - 4 potions of might
 c - 8 potions of ambrosia
 f - 12 potions of invisibility
 q - 3 potions of haste
 v - 9 potions of attraction
 x - 20 potions of curing
 z - 4 potions of lignification
 C - 5 potions of resistance
 G - 2 potions of enlightenment
 L - 3 potions of cancellation
 U - 3 potions of mutation
 X - 8 potions of heal wounds
 Z - 3 potions of berserk rage
Miscellaneous
 h - a phantom mirror
 n - a sack of spiders
 B - a phial of floods
 F - a figurine of a ziggurat
 I - a lightning rod (4/4)
 T - a condenser vane


   Skills:
 - Level 26.0 Fighting
 - Level 26.0 Long Blades
 - Level 2.0 Throwing
 - Level 5.0 Armour
 + Level 25.4 Dodging
 - Level 9.0 Stealth
 + Level 21.2 Shields
 - Level 21.0 Spellcasting
 - Level 10.0 Translocations
 O Level 27 Invocations
 - Level 12.0 Evocations
 - Level 19.0 Shapeshifting


You had 59 spell levels left.
You knew the following spells:

 Your Spells              Type           Power      Damage    Failure   Level
a - Manifold Assault      Tloc           32%        N/A       1%          4
b - Apportation           Tloc           64%        N/A       1%          1
c - Blink                 Tloc           64%        N/A       1%          2
d - Lesser Beckoning      Tloc           64%        N/A       1%          2

Your spell library contained the following spells:

 Spells                   Type           Power      Damage    Failure   Level
 Momentum Strike          Conj/Tloc      44%        3d9       1%          2
 Gell's Gravitas          Tloc           32%        N/A       1%          3
 Teleport Other           Tloc           32%        N/A       1%          3
 Volatile Blastmotes      Fire/Tloc      44%        2d13      1%          3
 Foxfire                  Conj/Fire      44%        2x1d6     3%          1
 Freeze                   Ice            44%        1d6       3%          1
 Kiss of Death            Conj/Necr      44%        2d8       3%          1
 Shock                    Conj/Air       44%        1d5       3%          1
 Sting                    Conj/Alch      44%        1d5       3%          1
 Cigotuvi's Dreadful Rot  Necr/Alch/Air  22%        N/A       4%          2
 Ensorcelled Hibernation  Hex/Ice        22%        N/A       4%          2
 Jinxbite                 Hex            22%        N/A       4%          2
 Mercury Vapours          Alch/Air       22%        N/A       4%          2
 Dimensional Bullseye     Hex/Tloc       11%        N/A       4%          4
 Iskenderun's Mystic Bla  Conj/Tloc      22%        2d6       4%          4
 Dispersal                Tloc           16%        N/A       9%          6
 Call Canine Familiar     Summ           11%        N/A       11%         3
 Confusing Touch          Hex            11%        N/A       11%         3
 Dazzling Flash           Conj/Hex       22%        N/A       11%         3
 Frozen Ramparts          Ice            22%        1d4       11%         3
 Fugue of the Fallen      Necr           11%        N/A       11%         3
 Hailstorm                Conj/Ice       11%        3d6       11%         3
 Mephitic Cloud           Conj/Alch/Air  11%        N/A       11%         3
 Ozocubu's Armour         Ice            11%        N/A       11%         3
 Passwall                 Erth           11%        N/A       11%         3
 Sigil of Binding         Hex            11%        N/A       11%         3
 Summon Ice Beast         Ice/Summ       11%        N/A       11%         3
 Swiftness                Air            11%        N/A       11%         3
 Summon Forest            Summ/Tloc      11%        N/A       13%         5
 Airstrike                Air            5%         2d(1-17)  34%         4
 Anguish                  Hex/Necr       5%         N/A       34%         4
 Cause Fear               Hex            5%         N/A       34%         4
 Dispel Undead            Necr           11%        3d9       34%         4
 Flame Wave               Conj/Fire      11%        2d6       34%         4
 Fulminant Prism          Conj/Alch      5%         3d7       34%         4
 Olgreb's Toxic Radiance  Alch           11%        N/A       34%         4
 Petrify                  Alch/Erth      11%        N/A       34%         4
 Summon Blazeheart Golem  Fire/Summ      11%        N/A       34%         4
 Alistair's Intoxication  Alch           7%         N/A       71%         5
 Arcjolt                  Conj/Air       5%         1d15      71%         5
 Borgnjor's Vile Clutch   Necr/Erth      5%         N/A       71%         5
 Curse of Agony           Necr           11%        N/A       71%         5
 Fireball                 Conj/Fire      5%         3d5       71%         5
 Freezing Cloud           Conj/Ice/Air   5%         6-21      71%         5
 Irradiate                Conj/Alch      5%         3d13      71%         5
 Iskenderun's Battlesphe  Conj           11%        2d7       71%         5
 Metabolic Englaciation   Hex/Ice        5%         N/A       71%         5
 Silence                  Hex/Air        5%         N/A       71%         5
 Summon Mana Viper        Hex/Summ       11%        N/A       71%         5
 Yara's Violent Unravell  Hex/Alch       5%         3d4       71%         5
 Bombard                  Conj/Erth      5%         9d2       99%         6
 Conjure Ball Lightning   Conj/Air       5%         3x3d6     99%         6
 Eringya's Noxious Bog    Alch           5%         4d6       99%         6
 Permafrost Eruption      Ice/Erth       5%         2x4d3     99%         6
 Plasma Beam              Fire/Air       5%         2x1d16    99%         6
 Sculpt Simulacrum        Ice/Alch       5%         N/A       99%         6
 Starburst                Conj/Fire      5%         6d4       99%         6
 Summon Cactus Giant      Summ           5%         N/A       99%         6
 Malign Gateway           Summ/Tloc      11%        N/A       99%         7
 Disjunction              Tloc           16%        N/A       99%         8
 Enfeeble                 Hex            5%         N/A       100%        7
 Haunt                    Necr/Summ      5%         N/A       100%        7
 Orb of Destruction       Conj           5%         9d5       100%        7
 Ozocubu's Refrigeration  Ice            5%         4d8       100%        7
 Spellforged Servitor     Conj/Summ      5%         N/A       100%        7
 Summon Hydra             Summ           5%         N/A       100%        7
 Discord                  Hex            5%         N/A       100%        8
 Infestation              Necr           5%         N/A       100%        8
 Chain Lightning          Conj/Air       5%         3d7       100%        9
 Dragon's Call            Summ           5%         N/A       100%        9
 Fire Storm               Conj/Fire      5%         8d2       100%        9
 Polar Vortex             Ice            5%         N/A       100%        9
 Shatter                  Erth           5%         3d8*      100%        9
 Sublimation of Blood     Necr           Unusable   N/A       N/A         2
 Animate Dead             Necr           Unusable   N/A       N/A         4

Dungeon Overview and Level Annotations

Branches:
Dungeon (15/15)            Temple (0/1) D:5            Lair (5/5) D:10
 Shoals (4/4) Lair:2       Spider (4/4) Lair:3        Slime (5/5) Lair:5
    Orc (2/2) D:12            Elf (3/3) Orc:2        Vaults (5/5) D:13
  Crypt (3/3) Vaults:2       Tomb (3/3) Crypt:3      Depths (4/4) D:15
   Hell (visited)             Dis (7/7) Hell            Geh (7/7) Hell
    Coc (7/7) Hell            Tar (7/7) Hell            Zot (5/5) Depths:4
Ossuary (visited)          Bailey (visited)           IceCv (visited)
 WizLab (visited)         Gauntlet (visited)

Altars:
Ashenzari
Elyvilon
Gozag
Hepliaklqana
Kikubaaqudgha
Nemelex Xobeh
Ru
Sif Muna
Uskayaw
Vehumet
Wu Jian
Yredelemnul
Zin
Beogh
Jiyva
Lugonu

Shops:
D:4 =   D:7 [   D:11 (=   D:12 =   D:15 [   Orc:1 (   Orc:2 ?(?*   Elf:1 ?:
Vaults:4 =[   Depths:1 ==   Depths:2 ?[?*(

Portals:
Hell: Depths:1 Depths:2 Depths:3
Abyss: Depths:3
Pandemonium: Depths:1 Depths:2 Depths:4
Ziggurat: Depths:2

Annotations:
D:4 exclusions: downstairs and upstairs
D:7 exclusion: statue
D:14 exclusion: downstairs
D:15 2 transporters
Lair:4 exclusions: 2 downstairs and hydra
Orc:1 1 runed translucent door, Haos's ghost, journeyman OpCj
Dis:7 Dispater
Zot:5 3 runed translucent doors, Bisin's ghost, master TrFi; Cigeacw's ghost, veteran MiFi


Innate Abilities, Weirdness & Mutations

You are a living statue of rough stone.
Your actions are slow, but your melee attacks are powerful.
You are resistant to unholy torment.
Your maximum health is greatly increased.
Your equipment is partially melded.
You are immune to poison.
You regain HP and MP as you explore.
Your mind is acute. (Int +4, Str/Dex -1)
You are frail. (-10% HP)
You are strong-willed. (Will+)
You are somewhat resistant to further mutation.
Your natural rate of healing is unusually fast.
Your spells are a little easier to cast, but a little less powerful.
You occasionally lose the ability to drink potions when taking damage.


Message History

You carve the rakshasa like a ham!!!
You kill the rakshasa!
The rakshasa shimmers and vanishes!
The rakshasa blinks!
You slice the rakshasa like a ripe choko!!!
The Singing Sword trains the diatonic scales.
You send a blast of sound all around you.
You kill the rakshasa!
No target in view!
No target in view!
No target in view!
No target in view!
You now have 4942 gold pieces (gained 5).
There is an open door here.
Things that are here:
a +0 long sword; a +0 robe You now have 4969 gold pieces (gained 27).
You open the door.
There is an open door here.
There is a stone staircase leading up here.
You climb upwards.
There is a stone staircase leading down here.
Okay, then.
A tormentor comes into view.
Space momentarily warps into an impossible shape!
You carve the tormentor like a ham!!!
The Singing Sword hollers!
You send a blast of sound all around you.
You kill the tormentor!
You can't see any susceptible monsters within range! (Use Z to cast anyway.)
You can't see any susceptible monsters within range! (Use Z to cast anyway.)
You can't see any susceptible monsters within range! (Use Z to cast anyway.)
You can't see any susceptible monsters within range! (Use Z to cast anyway.)
You can't see any susceptible monsters within range! (Use Z to cast anyway.)
You now have 4974 gold pieces (gained 5).
There is a huge open gate here.
There is a staircase leading out of the dungeon here.
You can't go down here!
Unknown command.
You have escaped!

##.####.###.##.###########...##.#
........# #.##.# ##.###.#
##.###### #.##.# #.# #.# #.#
#.##.# #.# #.# #.#
#.##.############.# #.# #.#
#.##.##...........###.. #.#
#.############.....##.. #.# ###
###### ####..#... #.# #I...#
#...... #.# #....# #..#... #.##
######.ßß.#######..##.. #..#
#....#....#......####.. ##.#
#.#..#''''#....### ### #.#
#.............## # #.#
##.#.#..###..## # #.# #.....##
#.## # #.# ###.### #.# #


There were no monsters in sight!

Vanquished Creatures
  Cerebov (Pan)
  Antaeus (Coc:7)
  Asmodeus (Geh:7)
  the Royal Jelly (Slime:5)
  Ereshkigal (Tar:7)
  Mnoleg (Pan)
  Gloorx Vloq (Pan)
  Lom Lobon (Pan)
  the Serpent of Hell (Coc:7)
  5 dread liches
  4 orbs of fire
  3 ancient liches
  4 juggernauts
  15 royal mummies
  Xtahua (Vaults:4)
  10 Killer Klowns (Zot:5)
  23 shard shrikes
  2 antique champions (WizLab)
  The ghost of Amyowus the Coglin Blade, a veteran CoGl of Okawaru (Vaults:4)
  Margery (Depths:3)
  8 pandemonium lords
  12 caustic shrikes
  3 curse toes
  12 golden dragons
  Geryon (Hell)
  7 doom hounds
  18 bone dragons
  6 hellephants
  5 iron giants
  11 Tzitzimimeh
  11 Brimstone Fiends
  20 tentacled monstrosities
  14 Hell Sentinels
  Jorgrun (D:14)
  3 electric golems
  24 Ice Fiends
  7 liches
  A deep elf blademaster (Elf:3)
  16 titans
  12 tainted leviathans
  30 Orb Guardians
  A kraken (Shoals:4)
  12 Executioners (Pan)
  3 deep elf master archers (Elf:3)
  7 quicksilver dragons
  26 searing wretches
  9 death cobs
  2 tentacled starspawn (Abyss:4)
  Gastronok (Lair:1)
  Polyphemus (Shoals:3)
  10 sphinxes
  9 acid blobs
  34 ancient champions
  A walking divine tome (Depths:2)
  An eldritch tentacle (Pan)
  9 shadow dragons
  Kirke (Shoals:1)
  Roxanne (D:14)
  7 demonspawn warmongers
  9 storm dragons
  Agnes (Elf:2)
  5 azure jellies
  4 tengu reavers
  4 draconian knights
  5 revenants
  Donald (Spider:1)
  7 protean progenitors
  A fenstrider witch (Pan)
  5 emperor scorpions (Spider:4)
  7 rockslimes
  8 iron dragons
  9 frost giants
  27 fire giants
  3 draconian monks
  3 juggernaut zombies
  22 narguns
  A deep elf elementalist (Elf:3)
  7 quicksilver elementals
  6 deep elf sorcerers
  8 draconian scorchers
  18 vault wardens
  2 draconian shifters
  7 shard shrike simulacra
  7 curse skulls
  Louise (D:14)
  36 balrugs
  5 demonspawn corrupters (Pan)
  2 spectral caustic shrikes
  A ghoul (Crypt:1)
  7 demonspawn blood saints
  15 cacodemons
  4 draconian stormcallers
  3 broodmothers
  7 ghost moths
  20 reapers
  A spectral juggernaut (Tar:3)
  22 ironbound preservers
  2 caustic shrike zombies
  6 draconian annihilators
  14 stone giants
  6 juggernaut skeletons
  2 caustic shrike skeletons (Pan)
  3 spriggan defenders
  5 ironbound thunderhulks
  6 vampire knights
  A formless jellyfish (Shoals:4)
  10 quicksilver oozes (Slime:5)
  9 green draconians
  8 black draconians
  10 deep elf death magi
  5 deep elf annihilators
  38 very ugly things
  A spectral titan (Tar:3)
  Azrael (Elf:2)
  23 elemental wellsprings
  2 bennus (Tomb:2)
  11 white draconians
  6 putrid mouths
  8 red draconians
  8 deep elf demonologists
  A minotaur (Gauntlet)
  4 dire elephants
  4 demonspawn black suns
  33 war gargoyles
  4 purple draconians
  7 lorocyprocas
  2 bunyips (Zot:5)
  4 spark wasps (Depths:4)
  12 wendigos
  2 spectral quicksilver dragons (Tar:7)
  10 ettins
  9 yellow draconians
  6 fire dragons
  5 eidola
  11 green deaths
  7 jiangshi
  11 blizzard demons
  15 mummy priests
  8 merfolk impalers
  4 entropy weavers
  5 merfolk javelineers (Shoals:4)
  15 yaktaur captains
  14 iron golems
  2 crystal guardians
  14 deep elf high priests
  5 great orbs of eyes
  2 spriggan zombies
  2 hydras
  A fenstrider witch zombie (Hell)
  39 vault guards
  A spriggan air mage (Depths:2)
  2 peacekeepers (Vaults:2)
  5 ice dragons
  7 rakshasas
  10 ironbound frosthearts
  A spectral shadow dragon (Tar:2)
  7 hell beasts
  7 salamander tyrants
  11 caustic shrike simulacra
  5 catoblepae
  9 jorogumos
  2 quicksilver dragon skeletons
  4 juggernaut simulacra
  13 stokers
  A death knight (Crypt:3)
  10 boulder beetles
  14 centaur warriors
  An alligator snapping turtle (Shoals:3)
  A satyr (Shoals:4)
  2 spriggan skeletons
  2 ogre magi (D:15)
  8 two-headed ogres
  4 merfolk avatars
  44 death scarabs
  26 dancing weapons
  4 radroaches
  5 death yaks
  5 merfolk aquamancers
  23 hell hogs
  A naga warrior (Abyss:2)
  A sphinx skeleton (Depths:3)
  6 deep troll earth magi
  4 orc high priests
  9 deep troll shamans
  A spectral dire elephant (Tar:7)
  4 vampire magi
  4 spriggan berserkers
  2 occultists (D:15)
  10 tengu warriors
  4 thrashing horrors
  16 demonic crawlers
  28 soul eaters
  15 deep elf knights
  2 hellephant skeletons (Pan)
  5 titan skeletons
  13 hell knights
  38 sun demons
  8 iron trolls
  13 crystal echidnas
  A fire crab (Lair:5)
  11 pharaoh ants
  3 salamander mystics (Depths:1)
  19 shadow wraiths
  18 sixfirhies
  22 skeletal warriors
  10 sea snakes
  11 wretched stars
  3 glowing orange brains
  17 shadow demons
  12 skysharks
  7 orb spiders
  A kraken simulacrum (Shoals:4)
  A flayed ghost (Crypt:3)
  A ghost moth zombie (Crypt:3)
  A swamp dragon (Lair:5)
  2 glowing orange brains (shapeshifter)
  A spectral hydra (Tar:3)
  A golden dragon skeleton (Vaults:4)
  10 deep elf archers
  5 sun moths
  75 slime creatures
  43 deep trolls
  3 orange crystal statues (Hell)
  6 arcanists
  2 spectral iron dragons
  14 lindwurms
  18 large abominations
  21 deep elf pyromancers
  8 thermic dynamos
  14 necromancers
  5 orc knights
  20 wolf spiders
  17 harpies
  16 ironbound convokers
  3 worldbinders (Abyss:4)
  5 steelbarb worms
  19 phantasmal warriors
  25 deep elf zephyrmancers
  A tengu zombie (Depths:2)
  An iron dragon zombie (Hell)
  An oklob plant (Shoals:2)
  57 ugly things
  A shadow dragon skeleton (Vaults:4)
  A shining eye (Slime:4)
  7 salamanders (Depths:1)
  7 cyclopes
  A spectral alligator snapping turtle (Tar:2)
  15 fauns
  A spectral ettin (Tar:7)
  A stone giant zombie (Hell)
  2 meliai (shapeshifter)
  3 rust devils
  A naga zombie (Hell)
  3 titan simulacra
  An iron dragon skeleton (Crypt:3)
  9 meliai
  8 merfolk sirens
  10 manticores
  A shining eye (shapeshifter) (Vaults:5)
  27 moths of wrath
  2 centaur zombies
  A guardian serpent (D:14)
  15 elephants
  A formless jellyfish zombie (Crypt:3)
  A shock serpent zombie (Crypt:2)
  A toenail golem (Pan)
  35 smoke demons
  3 ice statues
  5 water nymphs
  3 kobold blastminers (Orc:2)
  5 eyes of devastation
  7 black mambas
  11 cane toads
  17 vault sentinels
  20 hellions
  A cane toad (shapeshifter) (D:15)
  3 molten gargoyles
  16 orange demons
  3 centaur skeletons (D:15)
  A dire elephant skeleton (Crypt:2)
  3 efreet
  9 komodo dragons
  An unseen horror (D:13)
  6 torpor snails
  6 rime drakes
  30 yaktaurs
  2 kobold demonologists
  16 ice devils
  3 golden dragon simulacra
  18 tormentors
  2 tengu conjurers
  9 anaconda simulacra
  11 freezing wraiths
  3 iron giant simulacra
  4 red devils (Pan)
  A silent spectre (Tar:6)
  A harpy zombie (Hell)
  5 spectral harpies
  A hydra zombie (Tomb:1)
  3 ancient zymes (Abyss:4)
  A queen bee (Abyss:4)
  54 guardian mummies
  5 wind drakes
  9 hornets
  14 hellwings
  22 merfolk
  A polar bear (Lair:2)
  A death drake zombie (Crypt:3)
  8 trolls
  A moth of wrath zombie (Crypt:1)
  An alligator simulacrum (Hell)
  A tarantella (shapeshifter) (Vaults:5)
  13 blink frogs
  3 harpy skeletons
  A tengu simulacrum (Depths:2)
  3 raiju
  13 dream sheep
  An ettin zombie (WizLab)
  23 tarantellas
  6 snapping turtles
  2 stone giant simulacra
  4 glass eyes
  11 culicivoras
  A fire giant simulacrum (Depths:3)
  19 water elementals
  2 iron dragon simulacra
  3 shadows
  33 jumping spiders
  A centaur simulacrum (D:15)
  22 yaks
  2 ettin skeletons
  An elf skeleton (Vaults:4)
  2 air elementals (Elf:1)
  3 wraiths
  A spriggan (Depths:4)
  4 wyverns
  26 ynoxinuls
  10 ushabtiu
  A basilisk (shapeshifter) (Elf:2)
  10 basilisks
  5 fire elementals
  6 vampires
  5 dire elephant simulacra
  3 humans (D:13)
  A black mamba skeleton (Crypt:1)
  5 steam dragons
  A wind drake skeleton (Crypt:1)
  16 neqoxecs
  7 wargs
  42 redbacks
  12 starcursed masses
  3 hogs (Shoals:1)
  A death yak simulacrum (IceCv)
  8 vampire mosquitoes
  15 chaos spawn
  A merfolk zombie (Crypt:1)
  5 harpy simulacra
  2 hydra simulacra
  6 acid dragons
  7 water moccasins
  A naga skeleton (Tomb:1)
  An ogre zombie (Vaults:4)
  A demonspawn skeleton (Crypt:3)
  A deep troll skeleton (WizLab)
  3 sky beasts
  7 hell hounds
  A swamp drake (Lair:5)
  3 ice beasts
  40 orc warriors
  2 black bears
  A lindwurm zombie (Crypt:1)
  A merfolk simulacrum (Hell)
  5 ettin simulacra
  14 laughing skulls
  A black mamba simulacrum (Tomb:1)
  11 ogres
  A boggart (Vaults:4)
  12 wolves
  13 centaurs
  2 swamp dragon skeletons (WizLab)
  A snapping turtle skeleton (Crypt:1)
  A phantom (D:7)
  5 weeping skulls
  A kobold brigand (D:12)
  2 elf zombies (Ossuary)
  2 scorpions (D:4)
  A cyclops zombie (WizLab)
  12 bullfrogs
  4 two-headed ogre simulacra
  4 earth elementals
  5 gnoll sergeants
  10 small abominations
  A komodo dragon skeleton (Crypt:1)
  A cane toad simulacrum (IceCv)
  6 killer bees (D:9)
  2 swamp dragon simulacra (WizLab)
  A howler monkey (D:8)
  5 electric eels
  3 jellies
  A gnoll bouda (D:5)
  2 quasits
  A bullfrog skeleton (Crypt:2)
  2 human zombies
  20 orc priests
  An iron imp (Abyss:1)
  2 sleepcaps (D:6)
  A cyclops simulacrum (WizLab)
  6 iguanas
  27 orc wizards
  A polar bear simulacrum (IceCv)
  A troll simulacrum (IceCv)
  4 hell rats (Hell)
  9 spriggan simulacra
  A wolf simulacrum (IceCv)
  A sky beast zombie (Crypt:1)
  30 mummies
  42 gnolls
  3 adders
  7 naga simulacra
  3 shadow imps
  4 white imps
  8 ufetubi
  An iguana zombie (Crypt:2)
  A lava snake zombie (Crypt:1)
  An adder zombie (Ossuary)
  A lava snake skeleton (Crypt:3)
  A ribbon worm (D:5)
  A dart slug (D:1)
  75 orcs
  12 ball pythons
  3 bats
  A bat zombie (Crypt:2)
  10 endoplasms
  2 giant cockroaches
  12 goblins
  9 hobgoblins
  9 jackals
  5 quokkas
  3 frilled lizards
  22 kobolds
  A kobold zombie (Ossuary)
  4 rats
  2 aspiring fleshes
  15 ball lightnings (Pan)
  3 creeping infernos
  39 fire vortices
  3 lurking horrors (Abyss:2)
  A starspawn tentacle (Abyss:4)
  4 tentacles (Shoals:4)
3608 creatures vanquished.

Vanquished Creatures (collateral kills)
  A hydra (Lair:5)
  A death yak (Lair:5)
2 creatures vanquished.

Vanquished Creatures (others)
  An eldritch tentacle (Pan)
  A storm dragon (Zot:5)
  A fenstrider witch (Pan)
  A shard shrike simulacrum (Coc:4)
  A balrug (Geh:3)
  A draconian annihilator (Pan)
  A wendigo (Coc:4)
  A vault guard (D:13)
  A jorogumo (Pan)
  3 juggernaut simulacra
  2 caustic shrike simulacra (Coc:4)
  7 stokers
  A soul eater (Pan)
  A spriggan simulacrum (Coc:4)
  A smoke demon (Pan)
  An anaconda simulacrum (Coc:4)
  4 hellwings (Pan)
  2 harpy simulacra (Coc:4)
  A hell hound (Elf:2)
  8 ball lightnings (Pan)
  2 creeping infernos
  3 starspawn tentacles (Abyss:4)
  6 tentacles (Shoals:4)
51 creatures vanquished.

Grand Total: 3661 creatures vanquished

Notes
Turn   | Place    | Note
-------+----------+-------------------------------------------
     0 | D:1      | Tanach the Human Monk began the quest for the Orb.
     0 | D:1      | Reached XP level 1. HP: 18/18 MP: 1/1
   111 | D:1      | Reached XP level 2. HP: 24/24 MP: 2/2
   294 | D:1      | Reached XP level 3. HP: 25/29 MP: 3/3
   400 | D:1      | Found a faded altar of an unknown god.
   426 | D:1      | Prayed at the altar of an unknown god.
   426 | D:1      | Became a worshipper of Gozag Ym Sagoz the Greedy
  1587 | D:2      | You fall into a shaft and drop 2 floors!
  1736 | D:4      | Reached XP level 4. HP: 25/35 MP: 4/4
  1786 | D:4      | Noticed a scorpion
  1794 | D:4      | Killed a scorpion
  1795 | D:4      | Reached skill level 5 in Long Blades
  1795 | D:4      | Reached XP level 5. HP: 26/41 MP: 5/5
  2041 | D:4      | Noticed an ogre
  2087 | D:4      | Killed an ogre
  2088 | D:4      | Reached XP level 6. HP: 47/47 MP: 6/6
  2142 | D:4      | Found a sacrificial altar of Ru.
  2514 | D:4      | Found Ojid's Jewellery Boutique.
  2522 | D:4      | Bought an amulet of regeneration for 390 gold pieces
  2659 | D:4      | Found a hazy altar of Hepliaklqana.
  2872 | D:3      | Found a hide-covered altar of Uskayaw.
  2874 | D:3      | Found a faded altar of an unknown god.
  2947 | D:3      | Identified the ring "Illemn" {rF+ rC+ Int+2 Dex+5}
  3156 | D:3      | Identified the +1 dagger "Orchuqes" {elec, Str+5}
  3910 | D:5      | Entered Level 5 of the Dungeon
  3989 | D:5      | Noticed an ice beast
  4004 | D:5      | Reached XP level 7. HP: 54/54 MP: 7/7
  4011 | D:5      | Reached skill level 1 in Throwing
  4079 | D:5      | Found a sand-covered staircase.
  4089 | Ossuary  | Entered an ossuary
  4089 | Ossuary  | Found a huge runed translucent gate.
  4089 | Ossuary  | Found a huge runed translucent gate.
  4089 | Ossuary  | Found a huge runed translucent gate.
  4089 | Ossuary  | Found a huge runed translucent gate.
  4089 | Ossuary  | Found a huge runed translucent gate.
  4089 | Ossuary  | Found a huge runed translucent gate.
  4089 | Ossuary  | Found a huge runed translucent gate.
  4089 | Ossuary  | Found a huge runed translucent gate.
  4090 | Ossuary  | Found a huge runed translucent gate.
  4090 | Ossuary  | Found a huge runed translucent gate.
  4090 | Ossuary  | Found a huge runed translucent gate.
  4091 | Ossuary  | Found a huge runed translucent gate.
  4091 | Ossuary  | Found a huge runed translucent gate.
  4093 | Ossuary  | Found a huge runed translucent gate.
  4093 | Ossuary  | Found a huge runed translucent gate.
  4124 | Ossuary  | Found a huge runed translucent gate.
  4124 | Ossuary  | Found a huge runed translucent gate.
  4124 | Ossuary  | Found a huge runed translucent gate.
  4124 | Ossuary  | Found a huge runed translucent gate.
  4124 | Ossuary  | Found a huge runed translucent gate.
  4125 | Ossuary  | Found a huge runed translucent gate.
  4125 | Ossuary  | Found a huge runed translucent gate.
  4127 | Ossuary  | Found a huge runed translucent gate.
  4127 | Ossuary  | Found a huge runed translucent gate.
  4128 | Ossuary  | Found a huge runed translucent gate.
  4128 | Ossuary  | Found a huge runed translucent gate.
  4129 | Ossuary  | Found a huge runed translucent gate.
  4129 | Ossuary  | Found a huge runed translucent gate.
  4134 | Ossuary  | Found a huge runed translucent gate.
  4134 | Ossuary  | Found a huge runed translucent gate.
  4145 | Ossuary  | Found a huge runed translucent gate.
  4145 | Ossuary  | Found a huge runed translucent gate.
  4145 | Ossuary  | Found a huge runed translucent gate.
  4145 | Ossuary  | Found a huge runed translucent gate.
  4145 | Ossuary  | Found a huge runed translucent gate.
  4188 | Ossuary  | Reached XP level 8. HP: 54/60 MP: 8/8
  4204 | Ossuary  | Reached skill level 1 in Armour
  4427 | D:5      | Found a staircase to the Ecumenical Temple.
  5208 | D:6      | Found a broken altar of Ashenzari.
  5239 | D:6      | Reached skill level 5 in Fighting
  5245 | D:6      | Reached skill level 5 in Dodging
  5264 | D:6      | Reached skill level 1 in Evocations
  5408 | D:6      | Found an ancient bone altar of Kikubaaqudgha.
  5628 | D:7      | Bought a runed ring mail for 217 gold pieces
  5656 | D:7      | Found a radiant altar of Vehumet.
  5767 | D:7      | Reached XP level 9. HP: 55/68 MP: 9/9
  6843 | D:8      | Noticed a two-headed ogre
  6859 | D:8      | Killed a two-headed ogre
  6860 | D:8      | Reached skill level 10 in Long Blades
  6860 | D:8      | Reached skill level 5 in Evocations
  6955 | D:8      | Reached XP level 10. HP: 76/76 MP: 10/10
  7092 | D:8      | Found an ornate altar of the Wu Jian Council.
  7422 | D:9      | Identified the +5 triple crossbow of Extinguishment {penet,
                  | rF+ Will+ Int+3}
  7442 | D:9      | Reached skill level 1 in Stealth
  8021 | D:10     | Entered Level 10 of the Dungeon
  8021 | D:10     | Found a flagged portal.
  8086 | Bailey   | Entered a bailey
  8091 | Bailey   | Noticed an orc warlord
  8313 | Bailey   | Found a runed translucent gate.
  8314 | Bailey   | Found a runed translucent gate.
  8315 | Bailey   | Found a runed translucent gate.
  8477 | Bailey   | Identified the amulet "Xoteer" {Acrobat *Corrode rF+ Regen+
                  | Str+3}
  8489 | Bailey   | Identified the staff of Mayhem {rF+ rN+ Int-2 Dex+2 Summ
                  | Fire}
  8896 | D:10     | Reached skill level 5 in Stealth
  8896 | D:10     | Reached XP level 11. HP: 86/86 MP: 11/11
  8897 | D:10     | Reached XP level 12. HP: 95/95 MP: 12/12
  8961 | D:10     | Found a staircase to the Lair.
  9020 | D:10     | Found Zin's Purification Station.
  9023 | D:10     | Found a glowing silver altar of Zin.
  9029 | D:10     | Bought a potion of curing for 90 gold pieces
  9094 | D:10     | Found a white marble altar of Elyvilon.
  9337 | D:11     | Found Taysurof's Jewellery Emporium.
  9367 | D:11     | Found a gate leading to a gauntlet.
  9395 | Gauntlet | Entered a Gauntlet
  9395 | Gauntlet | Found a transporter.
  9405 | Gauntlet | Found a transporter.
  9419 | Gauntlet | Found a transporter.
  9424 | Gauntlet | Found a transporter.
  9439 | Gauntlet | Found a transporter.
  9439 | Gauntlet | Noticed a blizzard demon
  9458 | Gauntlet | Found a transporter.
  9460 | Gauntlet | Noticed a reaper
  9470 | Gauntlet | Found a transporter.
  9476 | Gauntlet | Found a transporter.
  9478 | Gauntlet | Found a transporter.
  9495 | Gauntlet | Found a transporter.
  9498 | Gauntlet | Noticed a reaper
  9507 | Gauntlet | Found a transporter.
  9513 | Gauntlet | Noticed a quicksilver ooze
  9519 | Gauntlet | Found a transporter.
  9522 | Gauntlet | Noticed a wretched star
  9525 | Gauntlet | Found a transporter.
  9525 | Gauntlet | Found a transporter.
  9566 | Gauntlet | Found a transporter.
  9591 | Gauntlet | Found a transporter.
  9593 | Gauntlet | Found a transporter.
  9721 | Gauntlet | Found a transporter.
  9936 | Gauntlet | Reached XP level 13. HP: 68/102 MP: 13/13
 10009 | Gauntlet | Killed a reaper
 10028 | Gauntlet | Identified the ring of the Quick Guava {Str+3 Int+6}
 10123 | Gauntlet | Identified the amulet "Kuut" {Spirit +Blink rPois Slay-3}
 10123 | Gauntlet | Noticed a minotaur
 10137 | Gauntlet | Killed a minotaur
 10138 | Gauntlet | Reached skill level 10 in Fighting
 10138 | Gauntlet | Reached skill level 10 in Dodging
 10146 | Gauntlet | Got the Elucidation of Relocation
 10166 | D:11     | Bought a +3 great sword of electrocution for 531 gold
                  | pieces
 10251 | D:11     | Learned a level 4 spell: Manifold Assault
 11362 | D:12     | Found a staircase to the Orcish Mines.
 12203 | Lair:1   | Entered Level 1 of the Lair of Beasts
 12340 | Lair:1   | Reached skill level 5 in Armour
 12761 | Lair:1   | Noticed Gastronok
 12975 | Lair:2   | Found a staircase to the Shoals.
 13120 | Lair:2   | Reached XP level 14. HP: 110/113 MP: 14/14
 13332 | Lair:2   | Gained mutation: You occasionally lose the ability to drink
                  | potions when taking damage. [potion of mutation]
 13332 | Lair:2   | Gained mutation: You occasionally lose the ability to read
                  | scrolls when taking damage. [potion of mutation]
 13332 | Lair:2   | Gained mutation: You are strong-willed. (Will+) [potion of
                  | mutation]
 13332 | Lair:2   | Gained mutation: You are highly strong-willed. (Will++)
                  | [potion of mutation]
 13333 | Lair:2   | Lost mutation: You occasionally lose the ability to drink
                  | potions when taking damage. [potion of mutation]
 13333 | Lair:2   | Lost mutation: You occasionally lose the ability to read
                  | scrolls when taking damage. [potion of mutation]
 13333 | Lair:2   | Gained mutation: You occasionally lose the ability to read
                  | scrolls when taking damage. [potion of mutation]
 13334 | Lair:2   | Lost mutation: You occasionally lose the ability to read
                  | scrolls when taking damage. [potion of mutation]
 13334 | Lair:2   | Lost mutation: You are highly strong-willed. (Will++)
                  | [potion of mutation]
 13334 | Lair:2   | Gained mutation: Your body sometimes deteriorates upon
                  | taking damage. [potion of mutation]
 13334 | Lair:2   | Gained mutation: You passively map a small area around you.
                  | [potion of mutation]
 13335 | Lair:2   | Lost mutation: You passively map a small area around you.
                  | [potion of mutation]
 13335 | Lair:2   | Lost mutation: You are strong-willed. (Will+) [potion of
                  | mutation]
 13335 | Lair:2   | Gained mutation: You are dopey. (Int -2) [potion of
                  | mutation]
 13337 | Lair:2   | Lost mutation: You are dopey. (Int -2) [potion of mutation]
 13337 | Lair:2   | Lost mutation: Your body sometimes deteriorates upon taking
                  | damage. [potion of mutation]
 13337 | Lair:2   | Gained mutation: You are robust. (+10% HP) [potion of
                  | mutation]
 13337 | Lair:2   | Gained mutation: Your mind is acute. (Int +4, Str/Dex -1)
                  | [potion of mutation]
 13337 | Lair:2   | Gained mutation: You have sharp toenails. [potion of
                  | mutation]
 13949 | Lair:3   | Reached skill level 1 in Translocations
 14542 | Lair:3   | Found a hole to the Spider Nest.
 14711 | Lair:4   | Reached skill level 5 in Translocations
 15667 | Lair:5   | Entered Level 5 of the Lair of Beasts
 16270 | Lair:5   | Reached skill level 1 in Spellcasting
 16363 | Lair:5   | Reached XP level 15. HP: 124/129 MP: 13/19
 16824 | Lair:5   | Found a staircase to the Slime Pits.
 16824 | Lair:5   | Found a viscous altar of Jiyva.
 16983 | Lair:5   | Reached skill level 10 in Translocations
 17051 | Lair:5   | Reached skill level 5 in Spellcasting
 17502 | Lair:1   | Killed Gastronok
 17602 | Orc:1    | Entered Level 1 of the Orcish Mines
 17666 | Orc:1    | Found a runed translucent door.
 17668 | Orc:1    | Noticed Haos's ghost (journeyman OpCj)
 17778 | Orc:1    | Found a frozen archway.
 17825 | IceCv    | Entered an ice cave
 18094 | IceCv    | Identified the ring of Ygaaro {Ice *Slow MP+9 Int+5}
 18392 | Orc:1    | Found a roughly hewn altar of Beogh.
 18599 | Orc:1    | Found Guronit's Weapon Boutique.
 18876 | Orc:2    | Entered Level 2 of the Orcish Mines
 18981 | Orc:2    | Reached skill level 15 in Long Blades
 19236 | Orc:2    | Found a staircase to the Elven Halls.
 19391 | Orc:2    | Found Gyfa's Magic Scroll Shop.
 19391 | Orc:2    | Found Emmisaem's Weapon Emporium.
 19391 | Orc:2    | Found Maytaqed's Magic Scroll Shoppe.
 19422 | Orc:2    | Found Rouf's General Store.
 19450 | Orc:2    | Bought a scroll of identify for 24 gold pieces
 19450 | Orc:2    | Bought a potion of might for 48 gold pieces
 19450 | Orc:2    | Bought a potion of might for 48 gold pieces
 19451 | Orc:2    | Bought a scroll of fog for 48 gold pieces
 19455 | Orc:2    | Bought a scroll of identify for 26 gold pieces
 19455 | Orc:2    | Bought a scroll of identify for 26 gold pieces
 19455 | Orc:2    | Bought a scroll of identify for 26 gold pieces
 19455 | Orc:2    | Bought a scroll of blinking for 97 gold pieces
 19455 | Orc:2    | Bought a scroll of fear for 52 gold pieces
 19458 | Orc:2    | Bought a scroll of identify for 26 gold pieces
 19462 | Orc:2    | Bought a scroll of acquirement for 832 gold pieces
 19462 | Orc:2    | Bought a scroll of acquirement for 832 gold pieces
 19463 | Orc:2    | Acquired a manual of Shields
 19464 | Orc:2    | Acquired 919 gold pieces
 19471 | Orc:2    | Bought the +11 Singing Sword {sonic wave} for 1100 gold
                  | pieces
 19471 | Orc:2    | Found the +11 Singing Sword {sonic wave}
 19474 | Orc:2    | Bought the +2 shield of Resistance {rF++ rC++ Will++} for
                  | 846 gold pieces
 19474 | Orc:2    | Found the +2 shield of Resistance {rF++ rC++ Will++}
 19645 | Orc:2    | Reached skill level 1 in Shields
 19841 | D:12     | Bought the ring of Beogh's Respect {rC+ rN+++ Int-5 Dex+4}
                  | for 865 gold pieces
 20011 | D:13     | Found a basalt altar of Yredelemnul.
 20098 | D:13     | Noticed a frost giant
 20122 | D:13     | Killed a frost giant
 20136 | D:13     | Reached XP level 16. HP: 112/137 MP: 3/26
 20735 | D:13     | Reached skill level 5 in Shields
 20764 | D:13     | Found a gate to the Vaults.
 20972 | D:13     | Got the Compilation of Tempestuous Phlogiston
 21216 | D:13     | Found a shimmering blue altar of Sif Muna.
 21326 | D:14     | Noticed Jorgrun
 21332 | D:14     | Killed Jorgrun
 21520 | D:14     | Noticed Roxanne
 21524 | D:14     | Identified the +1 tower shield of the Watchman {Fly rN+}
 21524 | D:14     | Noticed Louise
 21539 | D:14     | Killed Louise
 21612 | D:14     | Killed Roxanne
 22006 | D:15     | Entered Level 15 of the Dungeon
 22006 | D:15     | Found a transporter.
 22006 | D:15     | Found a transporter.
 22591 | D:15     | Found a staircase to the Depths.
 22985 | D:15     | Bought a pair of glowing gloves for 315 gold pieces
 23409 | Spider:1 | Entered Level 1 of the Spider Nest
 23423 | Spider:1 | Noticed Donald
 23429 | Spider:1 | Killed Donald
 23430 | Spider:1 | Reached XP level 17. HP: 144/144 MP: 5/29
 24394 | Spider:2 | Reached skill level 10 in Shields
 25449 | Spider:3 | Reached skill level 10 in Spellcasting
 26054 | Spider:4 | Entered Level 4 of the Spider Nest
 26337 | Spider:4 | Reached XP level 18. HP: 154/154 MP: 32/32
 26709 | Spider:4 | Got a gossamer rune of Zot
 27451 | Shoals:1 | Entered Level 1 of the Shoals
 27465 | Shoals:1 | Noticed Kirke
 27498 | Shoals:1 | Killed Kirke
 27524 | Shoals:1 | Reached skill level 1 in Shapeshifting
 28269 | Shoals:2 | Reached skill level 5 in Shapeshifting
 28876 | Shoals:3 | Noticed Polyphemus
 28883 | Shoals:3 | Killed Polyphemus
 29040 | Shoals:3 | Reached XP level 19. HP: 163/163 MP: 34/34
 29207 | Shoals:3 | Acquired a manual of Spellcasting
 29309 | Shoals:3 | Identified the +4 scimitar of Plog {antimagic, rF+ rN+
                  | Int-5}
 29513 | Shoals:4 | Entered Level 4 of the Shoals
 29668 | Shoals:4 | Identified the +4 glaive of Jokuuske {flame, Int+4 Dex+3
                  | Stlth+}
 29905 | Shoals:4 | Reached skill level 10 in Shapeshifting
 29916 | Shoals:4 | Got a barnacled rune of Zot
 30612 | Elf:1    | Entered Level 1 of the Elven Halls
 30990 | Elf:1    | Found Tarejou's Self-Published Books.
 31629 | Elf:1    | Found Patosel's Magic Scroll Boutique.
 31635 | Elf:1    | Bought a scroll of teleportation for 48 gold pieces
 31635 | Elf:1    | Bought a scroll of teleportation for 48 gold pieces
 31635 | Elf:1    | Bought a scroll of revelation for 120 gold pieces
 31635 | Elf:1    | Bought a scroll of revelation for 120 gold pieces
 32056 | Elf:2    | Found a runed translucent gate.
 32056 | Elf:2    | Found a runed translucent gate.
 32061 | Elf:2    | Found a runed translucent gate.
 32115 | Elf:2    | Noticed Agnes
 32120 | Elf:2    | Killed Agnes
 32136 | Elf:2    | Reached XP level 20. HP: 89/171 MP: 11/35
 32140 | Elf:2    | Noticed Azrael
 32151 | Elf:2    | Killed Azrael
 32523 | Elf:3    | Entered Level 3 of the Elven Halls
 32941 | Elf:2    | Found a shimmering blue altar of Sif Muna.
 33352 | Elf:3    | Identified the ring of the Quahog {AC+4 Dex+5}
 33368 | Elf:3    | Reached skill level 15 in Shapeshifting
 33450 | Elf:3    | Noticed a Tzitzimitl
 33465 | Elf:3    | Identified the +6 halberd of Laomepp {protect, rCorr
                  | Stlth+}
 33474 | Elf:3    | Identified the staff "Zeku" {Int-4 Dex+5 Conj Summ}
 33569 | Elf:3    | Identified the +4 falchion of Virus {drain, ^Fragile Str+4
                  | Dex+3}
 33615 | Elf:3    | Identified the ring "Rarrimeu" {rPois Int+6 Dex+4}
 33685 | Elf:3    | Identified the +9 rapier "Kuit" {freeze, rN++ Int-2 Dex+2}
 33779 | Elf:3    | Identified the +4 orcbow "Fyxzeont" {heavy, Will- rCorr
                  | Dex+2}
 33868 | Elf:3    | Got the Verses on United Conduction
 34327 | Vaults:1 | Entered Level 1 of the Vaults
 35219 | Vaults:1 | Found a portal to a secret trove of treasure.
 35257 | Vaults:1 | Reached XP level 21. HP: 178/178 MP: 27/36
 35944 | Vaults:1 | You paid a toll of a +7 demon trident to enter a treasure
                  | trove
 35945 | Trove    | Entered a treasure trove
 35950 | Trove    | Identified the +4 storm dragon scales of Leaves {rElec
                  | Int+4}
 35952 | Trove    | Identified the +1 ring mail "Kuetycve" {Fly}
 35954 | Trove    | Identified the +3 fire dragon scales "Idezepp" {rF++ rC-
                  | Regen+}
 35957 | Trove    | Identified the +0 buckler of Sin {rF+ rC+ Will- Dex+2}
 35958 | Trove    | Identified the +0 crystal plate armour of Cowardice {Harm
                  | rC+ rCorr}
 35961 | Trove    | Identified the +1 pair of boots "Piatyima" {Int+6 Slay+5}
 35962 | Trove    | Identified the +3 hat of Naegikh {+Inv rPois Will- Dex-3}
 35964 | Trove    | Identified the orb of Spite {guile, Slay+2 Air}
 35998 | Trove    | Identified the +5 scale mail of Trumpets {rC++ Dex+4}
 36416 | Vaults:2 | Found a staircase to the Crypt.
 38879 | Vaults:4 | Noticed Xtahua
 38892 | Vaults:4 | Killed Xtahua
 38893 | Vaults:4 | Reached XP level 22. HP: 190/190 MP: 39/39
 39009 | Vaults:4 | Noticed Amyowus's ghost (veteran CoGl)
 39010 | Vaults:4 | Found a large runed translucent door.
 39010 | Vaults:4 | Found a large runed translucent door.
 39303 | Vaults:4 | Reached skill level 15 in Shields
 39335 | Vaults:4 | Bought a glimmering helmet for 456 gold pieces
 39335 | Vaults:4 | Identified the +1 helmet of Noon {Str+4} (You bought it in
                  | a shop on level 4 of the Vaults)
 39707 | Vaults:5 | Entered Level 5 of the Vaults
 39715 | Vaults:5 | Reached skill level 15 in Fighting
 39722 | Vaults:5 | Reached skill level 15 in Dodging
 39729 | Vaults:5 | Identified the +4 sling of Sakhisin {elec, ^Drain rC+ rN+++
                  | Stlth-}
 39739 | Vaults:5 | Reached skill level 15 in Spellcasting
 39911 | Vaults:5 | Noticed a golden dragon
 39917 | Vaults:5 | Reached XP level 23. HP: 200/200 MP: 37/42
 39920 | Vaults:5 | Killed a golden dragon
 39936 | Vaults:5 | Noticed an ancient lich
 39939 | Vaults:5 | Killed an ancient lich
 40186 | Vaults:5 | Got a silver rune of Zot
 40223 | Vaults:5 | Identified the +6 scale mail of Garuroekh {-Tele Str+2
                  | Int+8 Dex-5}
 40713 | Vaults:5 | Got the Elucidation of Cryomancy
 41237 | Vaults:4 | Killed Amyowus's ghost
 41240 | Vaults:4 | Identified the +0 pair of gloves of a ziggurat {rC+++
                  | Regen+ Str-2 Dex+3}
 41394 | Depths:1 | Entered Level 1 of the Depths
 41496 | Depths:1 | Identified the +1 demon trident "Hierph" {venom, rElec}
 41512 | Depths:1 | Found a gateway to Hell.
 41811 | Depths:1 | Found a one-way gate leading to the halls of Pandemonium.
 41936 | Depths:1 | Found a sparkling altar of Nemelex Xobeh.
 42156 | Depths:1 | Found Tegrood's Book Shoppe.
 42157 | Depths:1 | Found Xicreps's Jewellery Shop.
 42157 | Depths:1 | Found Tucsorchy's Jewellery Shop.
 42420 | Depths:2 | Found Umeit's Antique Weapon Boutique.
 42469 | Depths:2 | Found Xudaqun's General Store.
 42489 | Depths:2 | Reached skill level 10 in Evocations
 42500 | Depths:2 | Reached XP level 24. HP: 212/212 MP: 43/44
 42562 | Depths:2 | Found Deotwam's Magic Scroll Emporium.
 42562 | Depths:2 | Found Okoti's Antique Armour Shoppe.
 42565 | Depths:2 | Found Wiulalo's Magic Scroll Shoppe.
 42570 | Depths:2 | Bought a scroll of acquirement for 676 gold pieces
 42570 | Depths:2 | Bought a scroll of acquirement for 676 gold pieces
 42574 | Depths:2 | Acquired 857 gold pieces
 42575 | Depths:2 | Acquired a manual of Spellcasting
 42582 | Depths:2 | Bought a scroll of teleportation for 36 gold pieces
 42742 | Depths:2 | Identified the +0 robe of the Vacuum {+Inv rElec}
 42994 | Depths:2 | Identified the +5 ring mail "Laamiq" {Int+3}
 43189 | Depths:2 | Found a one-way gateway to a ziggurat.
 43469 | Depths:3 | Found a one-way gate to the infinite horrors of the Abyss.
 43473 | Depths:3 | Found a corrupted altar of Lugonu.
 43544 | Depths:3 | Noticed Margery
 43549 | Depths:3 | Killed Margery
 43914 | Depths:4 | Entered Level 4 of the Depths
 43971 | Depths:4 | Noticed a juggernaut
 43982 | Depths:4 | Killed a juggernaut
 44366 | Depths:4 | Found a gate to the Realm of Zot.
 44733 | Zot:1    | Entered Level 1 of the Realm of Zot
 44943 | Zot:1    | Reached XP level 25. HP: 222/222 MP: 43/45
 45562 | Zot:2    | Noticed an orb of fire
 45569 | Zot:2    | Killed an orb of fire
 45620 | Zot:2    | Learned a level 1 spell: Apportation
 45625 | Zot:2    | Learned a level 2 spell: Blink
 45628 | Zot:2    | Learned a level 2 spell: Lesser Beckoning
 46717 | Zot:3    | Acquired 1134 gold pieces
 46739 | Zot:3    | Identified the +6 scimitar of Runech {pain, ^Drain rC+ rN+
                  | Stlth+}
 46976 | Zot:3    | Found a hide-covered altar of Uskayaw.
 48052 | Zot:4    | Reached XP level 26. HP: 234/234 MP: 46/46
 48174 | Zot:5    | Entered Level 5 of the Realm of Zot
 48318 | Zot:5    | Found a runed translucent gate.
 48318 | Zot:5    | Found a runed translucent gate.
 48318 | Zot:5    | Found a runed translucent gate.
 48319 | Zot:5    | Noticed Cigeacw's ghost (veteran MiFi)
 48320 | Zot:5    | Noticed Bisin's ghost (master TrFi)
 48518 | Zot:5    | Noticed an orb of fire
 48525 | Zot:5    | Killed an orb of fire
 48526 | Zot:5    | Noticed an orb of fire
 48537 | Zot:5    | Noticed a Killer Klown
 48538 | Zot:5    | Noticed a Killer Klown
 48539 | Zot:5    | Gained mutation: You are weak. (Str -2) [an orb of fire]
 48543 | Zot:5    | Noticed a Killer Klown
 48544 | Zot:5    | Killed an orb of fire
 48554 | Zot:5    | Killed a Killer Klown
 48575 | Zot:5    | Killed a Killer Klown
 48583 | Zot:5    | Noticed a Killer Klown
 48588 | Zot:5    | Noticed a Killer Klown
 48592 | Zot:5    | Noticed an orb of fire
 48593 | Zot:5    | Killed a Killer Klown
 48593 | Zot:5    | Gained mutation: You sometimes lose your temper in combat.
                  | [an orb of fire]
 48594 | Zot:5    | Noticed a Killer Klown
 48599 | Zot:5    | Killed an orb of fire
 48601 | Zot:5    | Killed a Killer Klown
 48602 | Zot:5    | Noticed a Killer Klown
 48603 | Zot:5    | Killed a Killer Klown
 48611 | Zot:5    | Killed a Killer Klown
 48666 | Zot:5    | Noticed a dread lich
 48674 | Zot:5    | Noticed a Killer Klown
 48675 | Zot:5    | Killed a Killer Klown
 48675 | Zot:5    | Killed a dread lich
 48675 | Zot:5    | Noticed a Killer Klown
 48676 | Zot:5    | Noticed a Killer Klown
 48681 | Zot:5    | Killed a Killer Klown
 48682 | Zot:5    | Killed a Killer Klown
 48682 | Zot:5    | Noticed a dread lich
 48683 | Zot:5    | Killed a Killer Klown
 48693 | Zot:5    | Killed a dread lich
 49194 | Zot:5    | Lost mutation: You have sharp toenails. [potion of
                  | mutation]
 49194 | Zot:5    | Lost mutation: You are robust. (+10% HP) [potion of
                  | mutation]
 49194 | Zot:5    | Lost mutation: You are weak. (Str -2) [potion of mutation]
 49194 | Zot:5    | Gained mutation: You are strong-willed. (Will+) [potion of
                  | mutation]
 49194 | Zot:5    | Gained mutation: Your natural rate of healing is unusually
                  | fast. [potion of mutation]
 49195 | Zot:5    | Lost mutation: You sometimes lose your temper in combat.
                  | [potion of mutation]
 49195 | Zot:5    | Lost mutation: You are strong-willed. (Will+) [potion of
                  | mutation]
 49195 | Zot:5    | Gained mutation: You occasionally lose the ability to drink
                  | potions when taking damage. [potion of mutation]
 49195 | Zot:5    | Gained mutation: You are somewhat resistant to further
                  | mutation. [potion of mutation]
 49483 | Depths:3 | Voluntarily entered the Abyss.
 49632 | Abyss:1  | Found a corrupted altar of Lugonu.
 49714 | Abyss:1  | Found a corrupted altar of Lugonu.
 49737 | Abyss:2  | Found a corrupted altar of Lugonu.
 49738 | Abyss:2  | Found a corrupted altar of Lugonu.
 49748 | Abyss:2  | Reached XP level 27. HP: 222/222 MP: 47/47
 49771 | Abyss:2  | Found a corrupted altar of Lugonu.
 49957 | Depths:3 | Escaped the Abyss
 49959 | Depths:3 | Voluntarily entered the Abyss.
 49986 | Depths:3 | Escaped the Abyss
 49988 | Depths:3 | Voluntarily entered the Abyss.
 50243 | Abyss:4  | Found a corrupted altar of Lugonu.
 50306 | Abyss:4  | Got an abyssal rune of Zot
 50480 | Depths:3 | Escaped the Abyss
 50812 | Slime:1  | Entered Level 1 of the Pits of Slime
 50919 | Slime:5  | Entered Level 5 of the Pits of Slime
 50978 | Slime:5  | Noticed the Royal Jelly
 50983 | Slime:5  | Killed the Royal Jelly
 51020 | Slime:5  | Identified the ring "Fianayqa" {^Drain rElec rC+ Str+4}
 51041 | Slime:5  | Got a starry gem with 278 turns to spare
 51043 | Slime:5  | Got a slimy rune of Zot
 51408 | Crypt:1  | Entered Level 1 of the Crypt
 51425 | Crypt:1  | Reached skill level 1 in Invocations
 51537 | Crypt:2  | Reached skill level 2 in Invocations
 51646 | Crypt:3  | Entered Level 3 of the Crypt
 51716 | Crypt:3  | Found a magical portal.
 51721 | WizLab   | Entered Zonguldrok's Shrine
 51856 | WizLab   | Reached skill level 3 in Invocations
 51886 | WizLab   | Identified the +0 tower shield of the Blacksmith {Int+3
                  | Dex-5}
 51897 | WizLab   | Got the Compendium of the Mausoleum
 51991 | Crypt:3  | Reached skill level 4 in Invocations
 52129 | Crypt:3  | Reached skill level 5 in Invocations
 52141 | Crypt:3  | Found a basalt altar of Yredelemnul.
 52141 | Crypt:3  | Found an ancient bone altar of Kikubaaqudgha.
 52162 | Crypt:3  | Got an ivory gem with 1067 turns to spare
 52300 | Crypt:3  | Found a staircase to the Tomb.
 52322 | Tomb:1   | Entered Level 1 of the Tomb of the Ancients
 52448 | Tomb:1   | Noticed a royal mummy
 52452 | Tomb:1   | Noticed a royal mummy
 52454 | Tomb:1   | Killed a royal mummy
 52464 | Tomb:1   | Killed a royal mummy
 52470 | Tomb:1   | Reached skill level 6 in Invocations
 52555 | Tomb:2   | Noticed a royal mummy
 52555 | Tomb:2   | Noticed a royal mummy
 52555 | Tomb:2   | Noticed a royal mummy
 52555 | Tomb:2   | Noticed a royal mummy
 52562 | Tomb:2   | Killed a royal mummy
 52564 | Tomb:2   | Killed a royal mummy
 52566 | Tomb:2   | Killed a royal mummy
 52570 | Tomb:2   | Killed a royal mummy
 52623 | Tomb:3   | Entered Level 3 of the Tomb of the Ancients
 52667 | Tomb:3   | Noticed a royal mummy
 52668 | Tomb:3   | Reached skill level 7 in Invocations
 52674 | Tomb:3   | Noticed a royal mummy
 52678 | Tomb:3   | Noticed a royal mummy
 52680 | Tomb:3   | Killed a royal mummy
 52688 | Tomb:3   | Killed a royal mummy
 52688 | Tomb:3   | Killed a royal mummy
 52690 | Tomb:3   | Noticed a royal mummy
 52690 | Tomb:3   | Noticed a royal mummy
 52691 | Tomb:3   | Reached skill level 8 in Invocations
 52694 | Tomb:3   | Noticed a royal mummy
 52695 | Tomb:3   | Killed a royal mummy
 52696 | Tomb:3   | Killed a royal mummy
 52706 | Tomb:3   | Killed a royal mummy
 52715 | Tomb:3   | Noticed a royal mummy
 52725 | Tomb:3   | Killed a royal mummy
 52796 | Tomb:3   | Noticed a royal mummy
 52803 | Tomb:3   | Killed a royal mummy
 52803 | Tomb:3   | Noticed a royal mummy
 52814 | Tomb:3   | Killed a royal mummy
 52865 | Tomb:3   | Got a sanguine gem with 1086 turns to spare
 52867 | Tomb:3   | Got a golden rune of Zot
 53493 | Pan      | Entered Pandemonium
 53532 | Pan      | Reached skill level 9 in Invocations
 53557 | Pan      | Acquired a manual of Translocations
 53558 | Pan      | Acquired a manual of Fighting
 53595 | Pan      | Found an opulent altar of Gozag.
 53597 | Pan      | Found Cosiat's Fine Accessories.
 53606 | Pan      | Reached skill level 10 in Invocations
 53609 | Pan      | Found an opulent altar of Gozag.
 53616 | Pan      | Found Cosiat's Superb Hardware.
 53636 | Pan      | Noticed Cosiat the pandemonium lord
 53640 | Pan      | Found an opulent altar of Gozag.
 53646 | Pan      | Killed Cosiat the pandemonium lord
 53651 | Pan      | Reached skill level 11 in Invocations
 53656 | Pan      | Found Cosiat's Demonic Rune Stash.
 53673 | Pan      | Bought a demonic rune of Zot for 4842 gold pieces
 53743 | Pan      | Noticed Carchoow the pandemonium lord
 53763 | Pan      | Killed Carchoow the pandemonium lord
 53764 | Pan      | Reached skill level 12 in Invocations
 54079 | Pan      | Reached skill level 13 in Invocations
 54232 | Pan      | Reached skill level 14 in Invocations
 54253 | Pan      | Noticed Koemeut the pandemonium lord
 54264 | Pan      | Killed Koemeut the pandemonium lord
 54304 | Pan      | Reached skill level 15 in Invocations
 54419 | Pan      | Reached skill level 16 in Invocations
 54506 | Pan      | Entered the realm of Cerebov.
 54603 | Pan      | Reached skill level 17 in Invocations
 54631 | Pan      | Found the +6 sword of Cerebov {flame}
 54631 | Pan      | Noticed Cerebov
 54659 | Pan      | Killed Cerebov
 54684 | Pan      | Got a fiery rune of Zot
 54848 | Pan      | Noticed Hyatopahoa the pandemonium lord
 54857 | Pan      | Killed Hyatopahoa the pandemonium lord
 54858 | Pan      | Reached skill level 18 in Invocations
 54913 | Pan      | Entered the realm of Gloorx Vloq.
 55038 | Pan      | Noticed Gloorx Vloq
 55051 | Pan      | Reached skill level 19 in Invocations
 55057 | Pan      | Killed Gloorx Vloq
 55103 | Pan      | Got a dark rune of Zot
 55212 | Pan      | Found an exit through the horrors of the Abyss.
 55379 | Pan      | Noticed Weaxkauq the pandemonium lord
 55383 | Pan      | Reached skill level 20 in Invocations
 55386 | Pan      | Killed Weaxkauq the pandemonium lord
 55421 | Pan      | Entered the realm of Lom Lobon.
 55521 | Pan      | Noticed Lom Lobon
 55652 | Pan      | Killed Lom Lobon
 55653 | Pan      | Reached skill level 21 in Invocations
 55682 | Pan      | Got a magical rune of Zot
 55745 | Pan      | Entered the realm of Mnoleg.
 55749 | Pan      | Found an exit through the horrors of the Abyss.
 55815 | Pan      | Noticed Mnoleg
 55820 | Pan      | Reached skill level 22 in Invocations
 55820 | Pan      | Gained mutation: You are frail. (-10% HP) [a cacodemon]
 55856 | Pan      | Killed Mnoleg
 55871 | Pan      | Got a glowing rune of Zot
 55900 | Pan      | Took an exit into the Abyss.
 55900 | Abyss:4  | Escaped into the Abyss
 56033 | Abyss:4  | Gained mutation: Your spells are a little easier to cast,
                  | but a little less powerful. [a neqoxec]
 56051 | Abyss:4  | Reached skill level 23 in Invocations
 56150 | Abyss:4  | Gained mutation: You are strong-willed. (Will+) [a neqoxec]
 56151 | Depths:1 | Escaped the Abyss
 56187 | Hell     | Entered the Vestibule of Hell
 56187 | Hell     | Noticed Geryon
 56210 | Hell     | Killed Geryon
 56216 | Hell     | Reached skill level 24 in Invocations
 56227 | Hell     | Found a gateway to the freezing wastes of Cocytus.
 56293 | Hell     | Found a gateway to the Iron City of Dis.
 56303 | Dis:1    | Entered Level 1 of the Iron City of Dis
 56568 | Dis:2    | Paralysed by a Zot trap for 4 turns
 56705 | Dis:3    | Reached skill level 25 in Invocations
 56811 | Dis:4    | Noticed a dread lich
 56819 | Dis:4    | Killed a dread lich
 56984 | Dis:6    | Reached skill level 26 in Invocations
 57024 | Dis:7    | Entered Level 7 of the Iron City of Dis
 57071 | Dis:7    | Noticed a juggernaut
 57077 | Dis:7    | Noticed a juggernaut
 57089 | Dis:7    | Killed a juggernaut
 57095 | Dis:7    | Killed a juggernaut
 57102 | Dis:7    | Reached skill level 27 in Invocations
 57137 | Dis:7    | Noticed a juggernaut
 57203 | Dis:7    | Killed a juggernaut
 57288 | Dis:7    | Noticed Dispater
 57315 | Dis:7    | Got an iron rune of Zot
 57720 | Hell     | Found a gateway to the ashen valley of Gehenna.
 57765 | Geh:1    | Entered Level 1 of Gehenna
 58360 | Geh:4    | Noticed an ancient lich
 58365 | Geh:4    | Killed an ancient lich
 58727 | Geh:7    | Entered Level 7 of Gehenna
 59095 | Geh:7    | Found the +13 sceptre of Asmodeus
 59095 | Geh:7    | Noticed Asmodeus
 59113 | Geh:7    | Killed Asmodeus
 59140 | Geh:7    | Got an obsidian rune of Zot
 59190 | Coc:1    | Entered Level 1 of Cocytus
 59708 | Coc:6    | Noticed a dread lich
 59759 | Coc:6    | Killed a dread lich
 59951 | Coc:7    | Entered Level 7 of Cocytus
 60210 | Coc:7    | Found the +1 cloak of Starlight {*Dazzle EV+4 Stlth--}
 60233 | Coc:7    | Noticed the Serpent of Hell
 60244 | Coc:7    | Killed the Serpent of Hell
 60471 | Coc:7    | Identified the +1 trident of Qyras {speed, *Corrode rF+
                  | Will+ Int+3}
 60471 | Coc:7    | Noticed Antaeus
 60507 | Coc:7    | Killed Antaeus
 60531 | Coc:7    | Got an icy rune of Zot
 60588 | Hell     | Found a gateway to the decaying netherworld of Tartarus.
 60596 | Tar:1    | Entered Level 1 of Tartarus
 61186 | Tar:7    | Entered Level 7 of Tartarus
 61230 | Tar:7    | Noticed an ancient lich
 61233 | Tar:7    | Killed an ancient lich
 61292 | Tar:7    | Noticed a dread lich
 61297 | Tar:7    | Killed a dread lich
 61324 | Tar:7    | Noticed Ereshkigal
 61341 | Tar:7    | Killed Ereshkigal
 61371 | Tar:7    | Got a bone rune of Zot
 61805 | Zot:5    | Got the Orb of Zot
 62122 | Depths:1 | Noticed Peleuq the pandemonium lord
 62133 | Depths:1 | Killed Peleuq the pandemonium lord
 62182 | D:15     | Noticed Citsan the pandemonium lord
 62188 | D:15     | Killed Citsan the pandemonium lord
 62465 | D:3      | Noticed Cawnob the pandemonium lord
 62473 | D:3      | Killed Cawnob the pandemonium lord
 62605 | D:$      | Escaped with the Orb!

Illustrated notes

Levels and vault maps discovered:
D:1:      sevenhm_arrival_forest_fort_small_6, layout_loops_ring,
          ebering_ecumenical_altar_hall, st_stairs_9
D:2:      layout_loops_corners
D:3:      layout_loops_corners, nicolae_overflow_ecumenical_swirl
D:4:      layout_loops_cross, nzn_hepliaklqana_mist_gate,
          nicolae_ru_great_annihilating_truth, serial_shops, shop,
          hangedman_abyss_or_decor_passed
D:5:      layout_cave_pools, minmay_temple_entry_enclosed_plants,
          nicolae_ossuary_entry_monument, sigmund_army
D:6:      layout_rooms, evilmike_ruin_ashenzari, mainiacjoe_overflow_alcove_4
D:7:      layout_basic, vehumet_statue
D:8:      layout_rooms, pdpol_wu_jian_five_deadly_venoms, nicolae_two_hexagons
D:9:      layout_loops_ring, kennysheep_generic_room_2
D:10:     minmay_evil_eye, layout_irregular_city, zin_purify,
          mainiacjoe_overflow_surrounded_room, lair_entry_dummy, enter_bailey_6
D:11:     layout_long_grid, gauntlet_entry_generic, serial_shops, shop,
          chequers_big_river
D:12:     layout_roguey, erik_orc_3
D:13:     minmay_connected_boxes_in_corner, layout_layer_cave,
          ximxim_vaults_locker_room, serial_library,
          serial_library_regret_index_small_wings,
          serial_library_regret_index_double_sided,
          serial_library_hellmonk_statue_hall,
          serial_library_hellmonk_small_corner,
          serial_library_hellmonk_reading_circle,
          serial_library_regret_index_split_case,
          serial_library_hellmonk_metal_room,
          serial_library_regret_index_branch_corner,
          serial_library_hellmonk_double_dead_end,
          serial_library_hellmonk_small_alcove,
          serial_library_hellmonk_small_alcove, glass_columns_a,
          yredelemnul_altar_generic
D:14:     layout_basic, chequers_serial_rivers_marsh,
          nrook_guardian_serpent_ordinary, uniq_roxanne, uniq_jorgrun,
          uniq_louise
D:15:     grunt_enter_depths_magical_seal, layout_basic, glass_columns_b,
          nicolae_diode_stairs
Lair:1:   layout_misc_corridors, grunt_megastairs_4, uniq_gastronok
Lair:2:   layout_cave_pods, elwin_shoals_entry_stream, infiniplex_staircase_pool
Lair:3:   layout_long_grid, spider_nest_entry_rubble, nicolae_lair_lindhole
Lair:4:   layout_regular_city, nicolae_quartered_pool_little, grunt_megastairs_3
Lair:5:   guppyfry_lair_end_dragon, layout_cave_pods, hangedman_lair_in_review,
          slime_entry_1
Shoals:1: layout_shoals, nicolae_shoals_circle_sea_wall, uniq_kirke
Shoals:2: layout_shoals, dpeg_stationary_puzzle
Shoals:3: layout_shoals, uniq_polyphemus
Shoals:4: shoals_end_grunt_ice, layout_shoals
Spider:1: layout_spider_delve, worms_lemuel, uniq_donald
Spider:2: layout_spider_delve
Spider:3: layout_cave_pods, nicolae_spider_jagged_tunnels
Spider:4: spider_rune_water
Slime:1:  layout_caves
Slime:2:  layout_caves, nicolae_slime_welcoming_committee
Slime:3:  layout_caves
Slime:4:  layout_caves
Slime:5:  slime_pit_nicolae_jellycorners
Orc:1:    layout_diamond_mine, portal_ice_cave_entry_pillars_2, serial_shops,
          nicolae_shop_trees, ebering_ghost_inner_flame, mines1_david
Orc:2:    st_orc_rangers, layout_caves
Elf:1:    layout_loops_corners, serial_shops, nicolae_lakefront_shop,
          minmay_elf_annihilation, grunt_ministairs_13, nicolae_custom_books
Elf:2:    nicolae_elf_blades_splatter_lattice [nicolae_blade_entry_pointy_end],
          layout_rooms, lemuel_upstairs_altar, uniq_agnes, uniq_azrael
Elf:3:    minmay_elf_hall_not_hex, layout_loops_corners,
          nicolae_elf_big_sculpture_1
Vaults:1: grunt_vaults_bifocal, hangedman_vaults_pinch,
          nicolae_vaults_diamond_2, nicolae_vaults_cornered_office,
          ontoclasm_vaults_twist, nicolae_vaults_minivaults,
          nicolae_vaults_network_barrier, layout_vaults_chaotic_city,
          enter_trove_3
Vaults:2: nicolae_vaults_six-pack, v_misc_32, nicolae_vaults_triangles,
          v_misc_16, nicolae_vaults_ring_of_whatevers,
          minmay_crypt_entry_vampire_xt, nicolae_vaults_network_star,
          hangedman_vaults_corner, nicolae_vaults_little_squares_5,
          nicolae_vaults_shock_wave, nicolae_vaults_wrenched,
          nicolae_vaults_little_squares_4, nicolae_vaults_trapezoid_1,
          ontoclasm_vaults_ring_small, nicolae_vaults_double_plus_2,
          layout_vaults_maze
Vaults:3: nicolae_vaults_specimen_jars, vaults_room_door_ring,
          nicolae_vaults_trapezoid_1, nicolae_vaults_oval_intersection,
          nicolae_vaults_more_shelving_1, nicolae_vaults_oval_intersection,
          nicolae_vaults_hallways_thing, ontoclasm_vaults_ligature,
          vaults_mumra_hexcomb, nicolae_vaults_storage_closets_3,
          layout_vaults_big_cross
Vaults:4: advil_vaults_ghost_guards, ontoclasm_vaults_spin, v_misc_4, v_rooms_1,
          v_misc_30, nicolae_vaults_shelves_hall, dpeg_vaults_monster_box,
          nicolae_vaults_tetromino_T_1, layout_vaults_quadrants, uniq_xtahua
Vaults:5
Crypt:1:  layout_basic, st_stairs_9
Crypt:2:  layout_regular_city, grunt_megastairs_2
Crypt:3:  lightli_unholy_cathedral, layout_chaotic_city,
          tomb_entry_shell_bobbens, basic_altar, mu_enter_wizlab_2
Tomb:1
Tomb:2
Tomb:3
Depths:1: layout_basic, pan_entry, hellmouth_1, nicolae_the_louvre,
          nemelex_lonely_heart_becter, minmay_shop_grove
Depths:2: minmay_stepped, layout_cave_pools, enter_ziggurat_f, hell_entry,
          serial_shops, nicolae_stop_n_shop_1, pan_entry, minmay_shoptagon,
          infiniplex_staircase_zigzag_2
Depths:3: minmay_isolated_rectangles_in_corner, layout_long_grid,
          abyss_entry_flame_altar, grunt_metal_band,
          chequers_serial_rivers_micro_b
Depths:4: evilmike_zot_entry_argh, layout_cave_shapes,
          chequers_serial_rivers_small_b, grunt_hell_entry_dis_old,
          rand_demon_pan_entry_9
Hell
Dis:1:    layout_jigsaw
Dis:2:    layout_jigsaw, nicolae_dis_strange_trophy_room
Dis:3:    layout_gridville, hangedman_dis_decor_tower
Dis:4:    hangedman_iron_city_apartments
Dis:5:    layout_overlapping_boxes
Dis:6:    layout_subdivisions
Dis:7:    dis_grunt_layers
Geh:1:    layout_gehenna_pools_triple
Geh:2:    layout_gehenna_lava_caves
Geh:3:    layout_gehenna_pools_basic, nicolae_geh_gnashing_of_teeth
Geh:4:    layout_gehenna_lava_caves
Geh:5:    layout_gehenna_pools_basic
Geh:6:    layout_gehenna_pools_basic
Geh:7:    evilmike_geh
Coc:1:    layout_cocytus_water_paths
Coc:2:    layout_ice_bergs
Coc:3:    layout_cocytus_water_paths
Coc:4:    layout_cocytus_delve
Coc:5:    layout_ice_bergs, serial_ice, serial_ice_e, serial_ice_h, serial_ice_d
Coc:6:    nicolae_coc_cocytus_crossing, layout_ice_bergs
Coc:7:    coc_grunt
Tar:1:    layout_grid_maze, nicolae_tar_cuneiform_to_be
Tar:2:    layout_catacombs, lemuel_nasty_fountain
Tar:3:    layout_grid_maze
Tar:4:    layout_grid_maze
Tar:5:    layout_grid_maze
Tar:6:    layout_honeycomb
Tar:7:    tar_old
Zot:1:    layout_basic
Zot:2:    layout_cathedral_of_symmetry
Zot:3:    layout_basic, regret_index_zotdec_iron_s, st_small_dragon_hoard_4,
          grunt_ministairs_9
Zot:4:    layout_concentric_octagons
Zot:5:    layout_gridlike, gammafunk_ghost_cemetery, grunt_ministairs_1,
          nicolae_zig_zag_zippers

Skill      XL: |  1  2  3  4  5  6  7  8  9 10 11 12 13 14 15 16 17 18 19 20 21 22 23 24 25 26 27 |
---------------+----------------------------------------------------------------------------------+-----
Long Blades    | 4 5 6 8 10 11 12 13 14 15 17 18 19 20 21 22 26 | 26.0
Fighting       | 4 5 6 8 9 11 12 13 14 15 16 17 18 19 26 | 26.0
Dodging        | 4 5 6 8 9 11 12 13 14 15 16 17 18 19 25 | 25.4
Throwing       | 2 |  2.0
Armour         | 3 5 |  5.0
Evocations     | 1 5 7 8 9 10 11 12 | 12.0
Stealth        | 5 6 9 |  9.0
Translocations | 9 10 | 10.0
Spellcasting   | 2 7 8 10 11 13 15 17 18 19 20 21 | 21.0
Shields        | 3 9 12 13 14 15 21 | 21.2
Shapeshifting  | 7 13 16 17 19 | 19.0
Invocations    | 27 | 27.0

Action                     |  1- 3 |  4- 6 |  7- 9 | 10-12 | 13-15 | 16-18 | 19-21 | 22-24 | 25-27 || total
---------------------------+-------+-------+-------+-------+-------+-------+-------+-------+-------++-------
  Melee: Falchion          |   107 |    70 |       |       |       |       |       |       |       ||   177
         Long sword        |       |    23 |   362 |   263 |    26 |       |       |       |       ||   674
         Great sword       |       |       |       |       |  1060 |       |       |       |       ||  1060
         Double sword      |       |       |       |       |    55 |  1049 |  1150 |   974 |  5468 ||  8696
         Kick              |       |       |       |       |       |       |   156 |   270 |   214 ||   640
  Throw: Dart              |     2 |    21 |     7 |       |    10 |     1 |       |       |     1 ||    42
   Cast: Manifold Assault  |       |       |       |       |   132 |   156 |   173 |   141 |  1612 ||  2214
         Apportation       |       |       |       |       |       |       |       |       |     2 ||     2
         Blink             |       |       |       |       |       |       |       |       |     3 ||     3
         Lesser Beckoning  |       |       |       |       |       |       |       |       |     2 ||     2
 Invoke: Call Merchant     |       |       |     1 |       |     2 |     1 |       |     2 |       ||     6
         Potion Petition   |       |       |       |       |     1 |     1 |     1 |     2 |    28 ||    33
  Evoke: Wand              |       |       |    10 |    27 |    24 |     2 |     3 |       |     3 ||    69
         Phantom mirror    |       |       |       |       |     3 |       |       |       |       ||     3
         Sack of spiders   |       |       |       |       |       |       |     1 |       |       ||     1
         Condenser vane    |       |       |       |       |       |       |       |       |     1 ||     1
    Use: Scroll            |       |     1 |     7 |     9 |    23 |     2 |     5 |     3 |    30 ||    80
         Potion            |       |       |     1 |     6 |     7 |       |       |     1 |    37 ||    52
   Stab: Sleeping          |     1 |       |       |       |    19 |    24 |    38 |     9 |    21 ||   112
         Distracted        |       |       |     1 |     3 |    15 |    20 |    14 |    22 |    46 ||   121
         Paralysed         |       |       |       |    19 |     9 |       |       |       |       ||    28
         Petrifying        |       |       |       |       |     1 |       |       |       |       ||     1
         Petrified         |       |       |       |       |     3 |       |       |       |       ||     3
         Confused          |       |       |       |       |       |       |     1 |       |       ||     1
         Invisible         |       |       |       |       |       |       |       |       |    11 ||    11
 Armour: Robe              |     2 |       |       |       |       |       |       |       |       ||     2
         Leather armour    |    60 |    53 |    77 |       |       |       |       |       |       ||   190
         Ring mail         |       |       |   156 |   150 |    63 |       |       |       |       ||   369
         Troll leather arm |       |       |       |       |   468 |   253 |   148 |       |       ||   869
         Skin              |       |       |       |       |       |       |   171 |   347 |  1345 ||  1863
  Dodge: Dodged            |    68 |    68 |   249 |   202 |   957 |   437 |   540 |   703 |  3199 ||  6423
  Block: Kite shield       |       |       |       |       |    23 |   628 |   698 |   783 |  3306 ||  5438
   Form: Statue            |       |       |       |       |       |       |     1 |       |       ||     1

Table legend: (Time is in decaauts)
 A = Elapsed time spent in this place.
 B = Non-inter-level travel time spent in this place.
 C = Inter-level travel time spent in this place.
 D = Time resting spent in this place.
 E = Time spent auto-exploring this place.
 F = Levels seen in this place.
 G = Mean time per level.
                   A        B        C        D        E       F      G
               +--------+--------+--------+--------+--------+-----+--------+
         Total |  75147 |  66917 |   8230 |    602 |  38864 | 116 |  647.8 |
       Dungeon |  16228 |  13518 |   2710 |    162 |   9940 |  15 | 1081.9 |
          Lair |   6041 |   5024 |   1017 |     43 |   3158 |   5 | 1208.2 |
        Shoals |   2889 |   2763 |    126 |      2 |   1797 |   4 |  722.2 |
   Spider Nest |   4338 |   3655 |    683 |      0 |   2440 |   4 | 1084.5 |
    Slime Pits |    424 |    407 |     17 |      0 |      0 |   5 |   84.8 |
  Orcish Mines |   1815 |   1652 |    163 |      0 |   1038 |   2 |  907.5 |
   Elven Halls |   3758 |   3410 |    348 |     92 |   2188 |   3 | 1252.7 |
        Vaults |   9494 |   8695 |    799 |      0 |   6693 |   5 | 1898.8 |
         Crypt |   1171 |    894 |    277 |      0 |      0 |   3 |  390.3 |
          Tomb |   1099 |    921 |    178 |      1 |      2 |   3 |  366.3 |
        Depths |   5534 |   4824 |    710 |      0 |   3290 |   4 | 1383.5 |
          Hell |    776 |    731 |     45 |      0 |    411 |   1 |  776.0 |
           Dis |   1452 |   1430 |     22 |      0 |    151 |   7 |  207.4 |
       Gehenna |   1955 |   1914 |     41 |      0 |    702 |   7 |  279.3 |
       Cocytus |   2018 |   1907 |    111 |     19 |    524 |   7 |  288.3 |
      Tartarus |   1212 |   1159 |     53 |      0 |    273 |   7 |  173.1 |
           Zot |   7568 |   6645 |    923 |      0 |   4623 |   5 | 1513.6 |
         Abyss |   1795 |   1795 |      0 |    280 |    250 |   7 |  256.4 |
   Pandemonium |   3301 |   3301 |      0 |      0 |    522 |  16 |  206.3 |
         Trove |     88 |     88 |      0 |      0 |      3 |   1 |   88.0 |
       Ossuary |    196 |    196 |      0 |      0 |     72 |   1 |  196.0 |
        Bailey |    407 |    407 |      0 |      0 |    214 |   1 |  407.0 |
      Ice Cave |    516 |    516 |      0 |      0 |    174 |   1 |  516.0 |
        Wizlab |    302 |    302 |      0 |      0 |      3 |   1 |  302.0 |
      Gauntlet |    759 |    759 |      0 |      0 |    392 |   1 |  759.0 |
               +--------+--------+--------+--------+--------+-----+--------+

Top non-repeatable levels by time:
Vaults:4: 2187 daAuts
Vaults:1: 2121 daAuts
Vaults:5: 1984 daAuts
Vaults:2: 1931 daAuts
   Zot:4: 1822 daAuts
   Elf:3: 1819 daAuts
   Zot:5: 1814 daAuts
    D:13: 1800 daAuts
  Lair:5: 1789 daAuts
Depths:1: 1725 daAuts
    D:12: 1648 daAuts
     D:4: 1522 daAuts
   Zot:1: 1472 daAuts
Depths:2: 1369 daAuts
Depths:4: 1349 daAuts
